 Dungeon Crawl Stone Soup version 0.27-a0-1502-g47ed6a6988 (webtiles) character file.

Game seed: 7666479646389168618

179 ABBCCCDDDD the Magician (level 5, -3/40 HPs)
             Began as a Djinni Ice Elementalist on July 8, 2021.
             Was an Initiate of Gozag.
             Slain by a bullfrog skeleton (5 damage)
             ... on level 4 of the Dungeon.
             The game lasted 00:08:16 (4353 turns).

ABBCCCDDDD the Magician (Djinni Ice Elementalist)   Turns: 4353, Time: 00:08:16

Health: -3/40      AC:  2    Str:  7    XL:     5   Next: 90%
Gold:   121        EV: 12    Int: 18    God:    Gozag SH:  0 Dex: 19

rFire    + + +     SeeInvis .   q - staff of fire
rCold    x . .     Faith    .   (no shield)
rNeg     . . .     Spirit   .   a - +0 robe
rPois    ∞         Reflect  .   (no helmet)
rElec    .         Harm     .   (no cloak)
rCorr    .         Rampage  .   (no gloves)
Will     .....                  (boots unavailable)
Stlth    ++........             (no amulet)
HPRegen  0.13/turn              p - +6 ring of dexterity
MPRegen  0.00/turn              (no ring)

@: flying
A: sickness immunity, fire resistance 2, cold vulnerability 1, float, innate
caster, hp casting, extra vitality 1
a: Renounce Religion, Potion Petition, Call Merchant, Bribe Branch


You were on level 4 of the Dungeon.
You worshipped Gozag.
Gozag was aware of your devotion.
You visited 2 branches of the dungeon, and saw 5 of its levels.

You collected 167 gold pieces.
You paid 46 gold pieces to Gozag.

Inventory:

Hand Weapons
 d - a +0 dagger
Missiles
 e - 159 stones
 i - 19 poisoned darts (quivered)
Armour
 a - a +0 robe (worn)
Magical Staves
 q - a staff of fire (weapon)
Jewellery
 p - a +6 ring of dexterity (left hand)
Scrolls
 b - 2 scrolls of enchant weapon {unknown}
 c - 2 scrolls of immolation {unknown}
 g - 3 scrolls of enchant armour {unknown}
 h - a scroll of torment {unknown}
 j - a scroll of noise {unknown}
 m - a scroll of identify {unknown}
 n - a scroll of teleportation {unknown}
Potions
 f - 2 potions of brilliance {unknown}
 k - a potion of curing {unknown}
 l - a potion of ambrosia {unknown}
 o - a potion of degeneration {unknown}


   Skills:
 + Level 3.4 Fighting
 - Level 2.1 Dodging
 - Level 1.5 Stealth
 + Level 4.3 Spellcasting


You couldn't memorise any spells.
You knew the following spells:

 Your Spells              Type           Power      Damage    Failure   Level
a - Freeze                Ice            76%        1d9       2%          1
b - Frozen Ramparts       Ice            38%        1d5       7%          3
c - Ozocubu's Armour      Ice            19%        N/A       7%          3
d - Hailstorm             Conj/Ice       19%        3d6       24%         4
e - Corona                Hex            21%        N/A       2%          1
f - Corpse Rot            Necr/Air       N/A        N/A       3%          2
Your spell library was empty.

Dungeon Overview and Level Annotations

Branches:
Dungeon (4/15)             Temple (1/1) D:4

Altars:
Ashenzari
Cheibriados
Dithmenos
Gozag
Hepliaklqana
Kikubaaqudgha
Makhleb
Qazlal
Sif Muna
Trog
Uskayaw
Vehumet
Wu Jian
Xom
Yredelemnul
Zin
The Shining One

Annotations:
D:3 1 runed translucent door, Crazy Yiuf


Innate Abilities, Weirdness & Mutations

You are immune to sickness and miasma.
You are immune to poison.
Your flesh is very heat resistant. (rF++)
You are vulnerable to cold. (rC-)
You float through the air rather than walking.
You learn spells naturally, not from books.
Your magical power is your life essence.
You have superior vitality. (+4 HP)


Message History

You hit the bullfrog skeleton.
The bullfrog skeleton is lightly damaged.
The bullfrog skeleton hits you. x2
You hit the bullfrog skeleton.
The bullfrog skeleton is lightly damaged.
The bullfrog skeleton misses you.
You hit the bullfrog skeleton.
The bullfrog skeleton is moderately damaged.
The bullfrog skeleton hits you. x2
You hit the bullfrog skeleton.
The bullfrog skeleton is moderately damaged.
The bullfrog skeleton closely misses you.
You hit the bullfrog skeleton but do no damage.
The bullfrog skeleton is moderately damaged.
The bullfrog skeleton hits you.
The bullfrog skeleton closely misses you.
You hit the bullfrog skeleton.
The bullfrog skeleton is heavily damaged.
The bullfrog skeleton hits you. x2
You are too injured to fight recklessly!
You are too injured to fight recklessly!
You hit the bullfrog skeleton.
The bullfrog skeleton is severely damaged.
The bullfrog skeleton hits you.
* * * LOW HITPOINT WARNING * * *
You hit the bullfrog skeleton.
The bullfrog skeleton is severely damaged.
The bullfrog skeleton closely misses you.
The bullfrog skeleton hits you but does no damage.
You hit the bullfrog skeleton.
The bullfrog skeleton is severely damaged.
The bullfrog skeleton hits you.
* * * LOW HITPOINT WARNING * * *
You hit the bullfrog skeleton.
The bullfrog skeleton is almost destroyed.
The bullfrog skeleton hits you.
* * * LOW HITPOINT WARNING * * *
The bullfrog skeleton hits you.
You die...
Your body crumbles into a pile of gold.

#.# #.# ?. #.# #.
###.#######+###.##
.................#
####.............# #
#.............###.#
#...........Z.....#
##............@.# #
#.......#######.# . #....##.#
#.# # #.....#.# #.# #+#.....#.#
#.#######
........#.#######.......#
..................#####.##
.......##....).#######8.8######
#'#.....########...○.........°.


You could see a bullfrog skeleton.

Vanquished Creatures
  An ogre (D:4)
  Jessica (D:3)
  A worm (D:3)
  3 dart slugs
  4 orcs (D:3)
  6 endoplasms
  A giant cockroach (D:4)
  2 goblins
  6 hobgoblins
  4 jackals (D:4)
  8 kobolds
  4 quokkas
  4 ball pythons
  6 bats
  3 frilled lizards
  8 rats
62 creatures vanquished.

Notes
Turn   | Place    | Note
-------+----------+-------------------------------------------
     0 | D:1      | ABBCCCDDDD the Djinni Ice Elementalist began the quest for
                  | the Orb.
     0 | D:1      | Reached XP level 1. HP: 15/15 MP: 0/0
   277 | D:1      | Reached skill level 1 in Fighting
   277 | D:1      | Reached XP level 2. HP: 14/22 MP: 0/0
   986 | D:1      | Reached XP level 3. HP: 20/27 MP: 0/0
   986 | D:1      | Learned a level 1 spell: Corona
  2139 | D:2      | Reached XP level 4. HP: 25/33 MP: 0/0
  2459 | D:3      | Found a runed translucent door.
  2460 | D:3      | Noticed Crazy Yiuf
  2522 | D:3      | Found a hazy altar of Hepliaklqana.
  2772 | D:3      | Noticed Jessica
  2779 | D:3      | Killed Jessica
  2780 | D:3      | Reached skill level 4 in Spellcasting
  3397 | D:4      | Noticed a black bear
  3431 | D:4      | Noticed an ogre
  3446 | D:4      | Killed an ogre
  3447 | D:4      | Reached XP level 5. HP: 17/40 MP: 0/0
  3447 | D:4      | Learned a level 2 spell: Corpse Rot
  4121 | D:4      | Found a staircase to the Ecumenical Temple.
  4130 | Temple   | Entered the Ecumenical Temple
  4288 | Temple   | Became a worshipper of Gozag Ym Sagoz the Greedy
  4353 | D:4      | HP: 2/40 [bullfrog skeleton (3)]
  4353 | D:4      | Slain by a bullfrog skeleton

Illustrated notes

Levels and vault maps discovered:
D:1:      dpeg_arrival_arbitrary_c, layout_basic
D:2:      layout_basic
D:3:      layout_loops_ring, overflow_temple_1_default, hangedman_glass_teeth,
          uniq_crazy_yiuf_cottage, uniq_jessica
D:4:      layout_basic, lemuel_temple_firewalk_b, minivault_27
Temple:   regret_index_temple_sphere_string

Skill      XL: |  1  2  3  4 |
---------------+-------------+-----
Fighting       | 1 2 3 |  3.4
Spellcasting   | 4 |  4.3
Dodging        | |  2.1
Stealth        | |  1.5

Action                   |  1- 3 |  4- 6 || total
-------------------------+-------+-------++-------
Melee: Dagger            |    14 |    10 ||    24
       Staff             |       |    10 ||    10
Throw: Dart              |       |     2 ||     2
 Cast: Freeze            |    62 |    31 ||    93
       Frozen Ramparts   |       |     2 ||     2
       Ozocubu's Armour  |       |     1 ||     1
 Stab: Sleeping          |     5 |     1 ||     6
Armor: Robe              |     7 |     4 ||    11
Dodge: Dodged            |    39 |    16 ||    55

Table legend: (Time is in decaauts)
 A = Elapsed time spent in this place.
 B = Non-inter-level travel time spent in this place.
 C = Inter-level travel time spent in this place.
 D = Time resting spent in this place.
 E = Time spent auto-exploring this place.
 F = Levels seen in this place.
 G = Mean time per level.
                   A        B        C        D        E       F      G
               +--------+--------+--------+--------+--------+-----+--------+
         Total |   4352 |   4101 |    251 |   1910 |   1508 |   5 |  870.4 |
       Dungeon |   4169 |   4065 |    104 |   1910 |   1494 |   4 | 1042.2 |
        Temple |    183 |     36 |    147 |      0 |     14 |   1 |  183.0 |
               +--------+--------+--------+--------+--------+-----+--------+

Top non-repeatable levels by time:
     D:1: 1332 daAuts
     D:3: 981 daAuts
     D:2: 946 daAuts
     D:4: 908 daAuts
  Temple: 183 daAuts
